 Dungeon Crawl Stone Soup version 0.20.2 (webtiles) character file.

104 Alfie the Shooter (level 4, -5/38 HPs)
             Began as a Minotaur Hunter on Apr 8, 2020.
             Slain by Natasha (9 damage)
             ... on level 3 of the Dungeon.
             The game lasted 00:06:13 (1495 turns).

Alfie the Shooter (Minotaur Hunter)                 Turns: 1495, Time: 00:06:14

Health: -5/38      AC:  5    Str: 16    XL:     4   Next: 52%
Magic:  3/3        EV: 12    Int:  8    God:
Gold:   116        SH:  0    Dex: 12    Spells: 3/3 levels left

rFire    + . .     SeeInvis .   b - +0 short sword
rCold    . . .     Gourm    .   (no shield)
rNeg     . . .     Faith    .   c - +2 leather armour
rPois    .         Spirit   .   (helmet restricted)
rElec    .         Reflect  .   (no cloak)
rCorr    .         Harm     .   (no gloves)
MR       .....                  (no boots)
Stlth    +.........             g - amulet of rage
Regen    0.2/turn               (no ring)
MPRegen  0.1/turn               (no ring)

@: slowed, very slow
A: retaliatory headbutt, claws 1, horns 2, agile 1, fire resistance 1, weak 1
a: Evoke Berserk Rage


You were on level 3 of the Dungeon.
You were not hungry.

You visited 1 branch of the dungeon, and saw 3 of its levels.

You collected 116 gold pieces.

Inventory:

Hand Weapons
 a - a +1 shortbow
 b - a +0 short sword (weapon)
Missiles
 d - 50 arrows
Armour
 c - a +2 leather armour (worn)
Jewellery
 g - an amulet of rage (around neck)
Scrolls
 e - a scroll of immolation
 f - a scroll of amnesia {unknown}
 i - a scroll of identify
Potions
 k - a potion of heal wounds {unknown}
Comestibles
 j - a meat ration


   Skills:
 + Level 3.0 Fighting
 + Level 0.9 Short Blades
 + Level 5.9 Bows
 + Level 1.3 Armour
 + Level 2.2 Dodging
 + Level 0.8 Stealth


You had 3 spell levels left.
You didn't know any spells.

Dungeon Overview and Level Annotations

Branches:
Dungeon (3/15)

Altars:
Elyvilon
Makhleb
Nemelex Xobeh
Okawaru
Sif Muna
The Shining One

Annotations:
D:1 1 runed door
D:3 Natasha


Innate Abilities, Weirdness & Mutations

You reflexively headbutt those who attack you in melee.
You have a pair of horns on your head.
You have sharp fingernails.
You are agile. (Dex +2)
Your flesh is heat resistant. (rF+)
You are weak. (Str -2)


Message History

Natasha stares at you and mumbles some strange words.
The magic dart hits you!
The crimson imp blinks!
There is a stone staircase leading up here.
The white imp shouts, "Fly, thou hateful spur-galled cow!"
Natasha claws you but does no damage. The white imp spits at you.
Natasha claws you!
* * * LOW HITPOINT WARNING * * *
The jackal barks!
The shadow imp disappears in a puff of smoke!
Natasha casts a spell at you.
You feel yourself slow down.
The white imp disappears in a puff of smoke!
Natasha casts a spell at you. The magic dart hits you!
* * * LOW HITPOINT WARNING * * *
Natasha mumbles some strange words.
Natasha claws you!
You die...

###### #....# #########
###### .##. #....#
#.......# #.>... ....
##....# #.......# #.....
....##....######.h5....##
#.....
..............##@hh.....#
#.....
.##...(..†....#..######.##
#..... ...#....).......##
#..###.....
#............###
##5.§#.†...
...##.†...##.## ###5h.....
##........# ##...h..
###...#....... #.#..##
##.....#####..# #....#
......## ##.. ##...#


You could see Natasha, a shadow imp and 2 jackals.

Vanquished Creatures
  A gnoll (D:1)
  2 adders
  An ooze (D:2)
  3 worms (D:2)
  3 dart slugs (D:1)
  4 giant cockroaches
  9 goblins
  10 hobgoblins
  2 quokkas (D:2)
  A ball python (D:2)
  9 bats
  A frilled lizard (D:2)
  6 kobolds
  5 rats
57 creatures vanquished.

Notes
Turn   | Place    | Note
-------+----------+-------------------------------------------
     0 | D:1      | Alfie the Minotaur Hunter began the quest for the Orb.
     0 | D:1      | Reached XP level 1. HP: 18/18 MP: 0/0
     1 | D:1      | Found a runed door.
   129 | D:1      | Reached XP level 2. HP: 25/25 MP: 1/1
   189 | D:1      | Reached skill level 5 in Bows
   369 | D:1      | Gained mutation: You are weak. (Str -2) [potion of mutation]
   369 | D:1      | Gained mutation: Your flesh is heat resistant. (rF+) [potion of mutation]
   369 | D:1      | Gained mutation: You have sharp fingernails. [potion of mutation]
   369 | D:1      | Gained mutation: You are agile. (Dex +2) [potion of mutation]
   464 | D:1      | Reached XP level 3. HP: 25/30 MP: 2/2
   636 | D:1      | Found a glowing golden altar of the Shining One.
   835 | D:2      | Reached skill level 1 in Armour
   990 | D:2      | Reached XP level 4. HP: 38/38 MP: 3/3
  1233 | D:2      | Found a faded altar of an unknown god.
  1233 | D:2      | Found a burning altar of Makhleb.
  1239 | D:2      | Found a deep blue altar of Sif Muna.
  1242 | D:2      | Found a sparkling altar of Nemelex Xobeh.
  1247 | D:2      | Found a white marble altar of Elyvilon.
  1427 | D:3      | Found an iron altar of Okawaru.
  1460 | D:3      | Noticed Natasha
  1495 | D:3      | Slain by Natasha

Skill      XL: |  1  2  3 |
---------------+----------+-----
Bows           | 5 |  5.9
Armour         | 1 |  1.3
Fighting       | 3 |  3.0
Short Blades   | |  0.9
Dodging        | |  2.2
Stealth        | |  0.8

Action                   |  1- 3 |  4- 6 || total
-------------------------+-------+-------++-------
Melee: Short sword       |    27 |     9 ||    36
       Headbutt          |     3 |       ||     3
 Fire: Shortbow          |    73 |    48 ||   121
  Use: Potion            |     3 |     1 ||     4
       Scroll            |       |     4 ||     4
  Eat: Bread ration      |       |     1 ||     1
Armor: Leather armour    |    11 |    18 ||    29
Dodge: Dodged            |    40 |    37 ||    77
